 Dungeon Crawl Stone Soup version 0.28-a0-1493-g08698888e4 (webtiles) character file.

Game seed: 15512156483012229801

14791 horus123 the Jinx (level 11, -12/57 HPs)
             Began as a Deep Elf Conjurer on Jan 12, 2022.
             Was an Elder of Vehumet.
             Engulfed by a cloud of flame (26 damage)
             ... in a volcano.
             The game lasted 01:06:16 (16190 turns).

horus123 the Jinx (Deep Elf Conjurer)              Turns: 16190, Time: 01:06:16

Health: -12/57     AC:  6    Str:  4    XL:     11   Next: 93%
Magic:  27/27      EV: 12    Int: 37    God:    Vehumet [****..]
Gold:   1552       SH:  0    Dex: 13    Spells: 3/30 levels left

rFire   . . .      SeeInvis +   y - +7 pair of quick blades "Gyre" and "Gimble" {protect}
rCold   + + +      Faith    .   (shield currently unavailable)
rNeg    . . .      Spirit   .   c - +4 skin of Zhor {*Englaciate rC+++ SInv}
rPois   .          Reflect  .   g - +0 helmet
rElec   .          Harm     .   k - +0 cloak
rCorr   .          Rampage  .   (no gloves)
Will    +....                   D - +1 pair of boots
Stlth   +.........              (no amulet)
HPRegen 0.19/turn               A - ring of Thoughtfulness {*Corrode rC+ Int+9}
MPRegen 0.20/turn               (no ring)

@: confused, ambrosia-drunk, corroded
A: no striking features
a: Renounce Religion


You were in a volcano.
You worshipped Vehumet.
Vehumet was greatly pleased with you.
You visited 3 branches of the dungeon, and saw 13 of its levels.
You also visited: Volcano.

You collected 1552 gold pieces.

Inventory:

Hand Weapons
 j - a +3 quarterstaff of freezing
 y - the +7 pair of quick blades "Gyre" and "Gimble" (weapon) {protect}
   (You found it on level 7 of the Dungeon)

   It grants its wielder temporary protection when it strikes (+7 to AC).
Armour
 a - a +0 robe
 c - the +4 skin of Zhor (worn) {*Englaciate rC+++ SInv}
   (You acquired it on level 3 of the Dungeon)

   It radiates cold, occasionally slowing all nearby creatures who are not
   resistant to cold.
   rC:        It renders you almost immune to cold.
   SInv:      It lets you see invisible.
 g - a +0 helmet (worn)
 k - a +0 cloak (worn)
 u - a scarf of repulsion
 D - a +1 pair of boots (worn)
Magical Staves
 C - a staff of death
Jewellery
 f - a ring of see invisible
 A - the ring of Thoughtfulness (left hand) {*Corrode rC+ Int+9}
   (You found it on level 7 of the Dungeon)

   [ring of protection from cold]

   Int:       It affects your intelligence (+9).
   rC:        It protects you from cold.
   *Corrode:  It may corrode you when you take damage.
Wands
 d - a wand of iceblast (1)
 i - a wand of digging (7)
 m - a wand of flame (34)
 x - a wand of mindburst (15)
 E - a wand of acid (3)
Scrolls
 h - a scroll of amnesia
 p - 4 scrolls of teleportation
 q - 2 scrolls of fear
 r - 3 scrolls of silence
 v - 3 scrolls of fog
 B - a scroll of brand weapon
 F - a scroll of enchant armour {unknown}
 G - a scroll of blinking {unknown}
Potions
 b - 3 potions of mutation
 e - a potion of ambrosia
 l - a potion of haste {unknown}
 n - 2 potions of lignification
 o - a potion of cancellation {unknown}
 s - a potion of resistance {unknown}
 t - 2 potions of curing {unknown}
 w - 2 potions of berserk rage {unknown}
 z - a potion of attraction {unknown}


   Skills:
 + Level 2.3 Fighting
 - Level 8.1 Short Blades
 - Level 2.4 Dodging
 - Level 2.4 Stealth
 - Level 10.0 Spellcasting
 - Level 9.1 Conjurations
 - Level 12.7 Hexes
 - Level 8.0 Necromancy
 - Level 5.2 Translocations
 - Level 6.3 Transmutations


You had 3 spell levels left.
You knew the following spells:

 Your Spells              Type           Power      Damage    Failure   Level
a - Magic Dart            Conj           100%       1d8       1%          1
b - Searing Ray           Conj           100%       2d8       1%          2
c - Iskenderun's Mystic   Conj/Tloc      64%        2d13      1%          4
d - Anguish               Hex/Necr       38%        N/A       1%          4
e - Yara's Violent Unrav  Hex/Tmut       36%        3d15      1%          5
f - Hailstorm             Conj/Ice       51%        3d11      1%          4
g - Enfeeble              Hex            42%        N/A       10%         7

Your spell library contained the following spells:

 Spells                   Type           Power      Damage    Failure   Level
 Freezing Cloud           Conj/Ice/Air   20%        6-21      4%          5
 Animate Skeleton         Necr           100%       N/A       1%          1
 Apportation              Tloc           100%       N/A       1%          1
 Freeze                   Ice            72%        1d9       1%          1
 Pain                     Necr           100%       1d9       1%          1
 Shock                    Conj/Air       100%       1d9       1%          1
 Ensorcelled Hibernation  Hex/Ice        100%       N/A       1%          2
 Confusing Touch          Hex            85%        N/A       1%          3
 Dazzling Flash           Conj/Hex       100%       N/A       1%          3
 Frozen Ramparts          Ice            36%        1d5       1%          3
 Spider Form              Tmut/Pois      41%        N/A       1%          3
 Vampiric Draining        Necr           67%        2d10      1%          3
 Summon Small Mammal      Summ           72%        N/A       2%          1
 Swiftness                Air            18%        N/A       6%          3
 Fulminant Prism          Conj/Hex       39%        3d18      1%          4
 Blade Hands              Tmut           30%        N/A       4%          5
 Airstrike                Air            9%         N/A       6%          4
 Iron Shot                Conj/Erth      25%        9d5       13%         6
 Lee's Rapid Deconstruct  Erth           9%         3d8*      16%         5
 Animate Armour           Summ/Erth      36%        N/A       22%         4


Dungeon Overview and Level Annotations

Branches:
Dungeon (11/15)            Temple (1/1) D:5            Lair (1/6) D:11
    Orc (0/2) D:9         Volcano (1/1)

Altars:
Ashenzari
Cheibriados
Dithmenos
Elyvilon
Fedhas
Gozag
Hepliaklqana
Kikubaaqudgha
Makhleb
Nemelex Xobeh
Okawaru
Qazlal
Ru
Sif Muna
Trog
Uskayaw
Vehumet
Wu Jian
Xom
Yredelemnul
Zin
The Shining One
Beogh

Shops:
D:1 [   D:2 :   D:11 [


Message History

The magic dart hits the lava snake.
The lava snake is lightly wounded.
The lava snake hisses angrily.
The lava snake moves out of view.
Found a rocky tunnel leading out of this place.
The lava snake spits lava at you. The glob of lava hits you!
Casting: Magic Dart (safe; 1% risk of failure)
Confirm with . or Enter, or press ? or * to list all spells.
Casting: Hailstorm (dangerous; 1% risk of failure)
Press: ? - help, Dir - look around, f - activate A cannonade of hail descends around you!
The hail pelts the lava snake!!
The lava snake is frozen!
You kill the lava snake!
Vehumet accepts your kill.
HP restored.
A lava snake comes into view.
The lava snake hisses angrily.
Casting: Hailstorm (dangerous; 1% risk of failure)
Confirm with . or Enter, or press ? or * to list all spells.
Casting: Hailstorm (dangerous; 1% risk of failure)
Press: ? - help, Dir - look around, f - activate A cannonade of hail descends around you!
The hail pelts the lava snake!!
The lava snake is frozen!
You kill the lava snake!
Vehumet accepts your kill.
You feel your power returning.
The air gets thick with the scent of sulphur.
The volcano roars to life, belching forth lava!
You are engulfed in blazing flames.
The air gets thick with the scent of sulphur.
The volcano roars to life, belching forth lava!
You are engulfed in blazing flames.
You're standing in a cloud of flame!
You are engulfed in blazing flames.
Your corrosive artefact corrodes you!
You are confused.
You feel invigorated.
You are engulfed in blazing flames.
* * * LOW HITPOINT WARNING * * *
You're too confused to move!
You are engulfed in blazing flames.
You die...

### ### ##.###.#####
##......○.○°## ##.
........○○..°#### #°...
.....§..○.°○○○○.##°○.°°.
....≈§≈.§§°°°≈.°@°.°.°≈≈
..≈≈≈§≈≈§≈≈≈°≈≈≈°°°≈°°≈§
≈≈§≈≈≈≈§§°°°≈§≈≈°○≈≈§≈○§
≈≈≈≈≈≈§§○§≈§≈≈≈≈≈≈≈°≈≈≈§
§≈§≈§§§≈§≈≈≈≈○°°°°○§≈≈≈≈
§≈≈≈≈§≈§≈§≈≈°°≈°≈≈§≈≈≈≈≈
§≈§≈≈≈≈≈≈§≈≈≈°○°○≈≈§°≈≈§
≈≈≈≈≈§≈≈§§°≈°°.°.°°.....
≈≈§≈


There were no monsters in sight!

Vanquished Creatures
  2 two-headed ogres
  A manticore (D:8)
  An unseen horror (D:11)
  2 komodo dragons (D:11)
  Psyche (D:8)
  3 kobold demonologists (D:9)
  The ghost of ytrimaz the Insei, a novice OpTm of Ashenzari (D:6)
  4 trolls
  Grinder (D:6)
  Prince Ribbit (D:5)
  3 hornets
  A centaur simulacrum (D:11)
  Sigmund (D:6)
  2 shadows
  14 yaks
  2 wyverns
  A fire bat (Volcano)
  A steam dragon (D:7)
  Menkaure (D:7)
  A warg (D:6)
  Edmund (D:6)
  An acid dragon (D:10)
  A water moccasin (D:7)
  Duvessa (D:7)
  9 orc warriors
  A sky beast (D:8)
  A hornet zombie (D:7)
  3 ice beasts
  2 black bears (D:6)
  A necrophage (D:6)
  3 ogres
  A wolf (D:11)
  4 centaurs
  2 phantoms
  2 bullfrogs
  5 scorpions
  A wyvern skeleton (D:6)
  Dowan (D:7)
  3 killer bees (D:9)
  13 wights
  An electric eel (D:7)
  A howler monkey (D:10)
  2 lava snakes (Volcano)
  3 centaur zombies
  A bullfrog zombie (D:6)
  A centaur skeleton (D:4)
  A hound (D:6)
  Crazy Yiuf (D:2)
  11 orc priests
  A bullfrog skeleton (D:5)
  2 jellies
  Jessica (D:3)
  3 iguanas
  Natasha (twice) (D:3)
  12 orc wizards
  Robin (D:2)
  2 howler monkey zombies (D:8)
  A howler monkey skeleton (D:5)
  8 gnolls
  8 adders
  3 white imps
  2 ufetubi
  A worm (D:4)
  3 dart slugs
  62 orcs
  A ball python (D:2)
  3 bats
  4 endoplasms
  2 giant cockroaches
  10 goblins
  11 hobgoblins
  12 jackals
  6 quokkas
  3 frilled lizards (D:2)
  12 kobolds
  6 rats
304 creatures vanquished.

Vanquished Creatures (others)
  11 plants (D:2)
11 creatures vanquished.

Grand Total: 315 creatures vanquished

Notes
Turn   | Place    | Note
-------+----------+-------------------------------------------
     0 | D:1      | horus123 the Deep Elf Conjurer began the quest for the Orb.
     0 | D:1      | Reached XP level 1. HP: 10/10 MP: 6/6
   382 | D:1      | Reached XP level 2. HP: 15/15 MP: 6/9
   470 | D:1      | Learned a level 2 spell: Searing Ray
   554 | D:1      | Found Hucyig's Antique Armour Boutique.
  1065 | D:2      | Found a shimmering blue altar of Sif Muna.
  1071 | D:2      | Reached XP level 3. HP: 19/19 MP: 7/10
  1075 | D:2      | Reached skill level 5 in Conjurations
  1136 | D:2      | Found Kubaicserr's Book Shoppe.
  1280 | D:2      | Upgraded the game from 0.28-a0-1447-ga5a8893891 to
                  | 0.28-a0-1493-g08698888e4
  1516 | D:2      | Noticed Robin
  1535 | D:2      | Reached XP level 4. HP: 24/24 MP: 9/12
  1544 | D:2      | Killed Robin
  1873 | D:2      | Found a runed translucent door.
  1879 | D:2      | Learned a level 4 spell: Iskenderun's Mystic Blast
  1879 | D:2      | Noticed Crazy Yiuf
  2194 | D:2      | Killed Crazy Yiuf
  2491 | D:3      | Reached skill level 5 in Spellcasting
  2491 | D:3      | Reached XP level 5. HP: 28/28 MP: 7/14
  2614 | D:3      | Reached skill level 1 in Translocations
  2831 | D:3      | Noticed Jessica
  2834 | D:3      | Killed Jessica
  2872 | D:3      | Identified a scroll of acquirement
  2872 | D:3      | Acquired the +4 skin of Zhor {*Englaciate rC+++ SInv}
  2872 | D:3      | Found the +4 skin of Zhor {*Englaciate rC+++ SInv}
  3100 | D:3      | Noticed Natasha
  3104 | D:3      | Killed Natasha
  3113 | D:3      | Noticed Natasha
  3116 | D:3      | Killed Natasha
  3117 | D:3      | Reached XP level 6. HP: 32/32 MP: 9/16
  3791 | D:4      | Reached skill level 5 in Translocations
  4000 | D:4      | Noticed an ice beast
  4007 | D:4      | Killed an ice beast
  4008 | D:4      | Reached XP level 7. HP: 32/36 MP: 8/17
  4175 | D:4      | Learned a level 4 spell: Anguish
  4354 | D:5      | Entered Level 5 of the Dungeon
  4358 | D:5      | Reached skill level 1 in Hexes
  4430 | D:5      | Noticed Prince Ribbit
  4469 | D:5      | Reached skill level 2 in Hexes
  4613 | D:5      | Killed Prince Ribbit
  4614 | D:5      | Reached skill level 5 in Hexes
  4771 | D:5      | Found a staircase to the Ecumenical Temple.
  4852 | Temple   | Entered the Ecumenical Temple
  5438 | Temple   | Became a worshipper of Vehumet
  5499 | D:5      | Reached skill level 1 in Necromancy
  5705 | D:5      | Reached XP level 8. HP: 41/41 MP: 10/18
  6015 | D:5      | Reached skill level 5 in Necromancy
  6189 | D:6      | Noticed Sigmund
  6195 | D:6      | Killed Sigmund
  6446 | D:6      | Acquired 738 gold pieces
  6497 | D:6      | Learned a level 5 spell: Yara's Violent Unravelling
  6700 | D:6      | Reached XP level 9. HP: 25/45 MP: 1/19
  6709 | D:6      | Reached * piety under Vehumet
  6709 | D:6      | Offered knowledge of Foxfire by Vehumet.
  6909 | D:6      | Noticed ytrimaz's ghost (novice OpTm)
  6962 | D:6      | Found a runed translucent gate.
  6964 | D:6      | Found a runed translucent gate.
  6965 | D:6      | Found a runed translucent gate.
  7403 | D:6      | Noticed Edmund
  7415 | D:6      | Killed Edmund
  7837 | D:6      | Noticed Grinder
  7842 | D:6      | Paralysed by Grinder for 2 turns
  7846 | D:6      | Killed Grinder
  8150 | D:6      | Killed ytrimaz's ghost
  8398 | D:7      | Reached skill level 5 in Transmutations
  8400 | D:7      | Offered knowledge of Poisonous Vapours by Vehumet.
  8401 | D:7      | Paralysed by a hornet for 1 turns
  8538 | D:7      | Reached ** piety under Vehumet
  8889 | D:7      | Found a shimmering blue altar of Sif Muna.
  8891 | D:7      | Noticed Duvessa
  8893 | D:7      | Noticed Dowan
  8899 | D:7      | Killed Duvessa
  8900 | D:7      | Reached XP level 10. HP: 50/50 MP: 15/25
  8901 | D:7      | Killed Dowan
  8902 | D:7      | Reached skill level 6 in Hexes
  9082 | D:7      | Reached skill level 7 in Hexes
  9230 | D:7      | Noticed Menkaure
  9236 | D:7      | Killed Menkaure
  9543 | D:7      | Found the +7 pair of quick blades "Gyre" and "Gimble"
                  | {protect}
  9550 | D:7      | Reached skill level 8 in Hexes
  9562 | D:7      | Identified the ring of Thoughtfulness {*Corrode rC+ Int+9}
  9612 | D:7      | Reached skill level 1 in Short Blades
 10024 | D:8      | Learned a level 4 spell: Hailstorm
 10122 | D:8      | Noticed Psyche
 10127 | D:8      | Killed Psyche
 10194 | D:8      | Noticed a manticore
 10201 | D:8      | Killed a manticore
 10202 | D:8      | Reached skill level 5 in Short Blades
 10213 | D:8      | HP: 2/50 [wight (11)]
 10367 | D:8      | Offered knowledge of Scorch by Vehumet.
 10960 | D:9      | Reached *** piety under Vehumet
 10961 | D:9      | Reached skill level 9 in Hexes
 11117 | D:9      | Reached skill level 10 in Hexes
 11145 | D:9      | Reached XP level 11. HP: 54/54 MP: 0/26
 11379 | D:9      | Learned a level 7 spell: Enfeeble
 11599 | D:9      | Offered knowledge of Sticky Flame by Vehumet.
 11813 | D:9      | Noticed a two-headed ogre
 11817 | D:9      | Killed a two-headed ogre
 12577 | D:9      | Reached skill level 10 in Spellcasting
 12735 | D:9      | Found a staircase to the Orcish Mines.
 12766 | D:9      | Reached **** piety under Vehumet
 12769 | D:9      | Offered knowledge of Freezing Cloud by Vehumet.
 12953 | D:10     | Entered Level 10 of the Dungeon
 12970 | D:10     | Reached skill level 11 in Hexes
 13394 | D:10     | Reached skill level 12 in Hexes
 13993 | D:11     | Found Narch's Armour Boutique.
 14423 | D:11     | Noticed a two-headed ogre
 14429 | D:11     | Killed a two-headed ogre
 14459 | D:11     | Reached skill level 1 in Fighting
 14555 | D:11     | Noticed a skeletal warrior
 14563 | D:11     | Noticed a skeletal warrior
 14564 | D:11     | Noticed a skeletal warrior
 15652 | D:11     | Noticed a skeletal warrior
 15672 | D:11     | Found a staircase to the Lair.
 15681 | Lair:1   | Entered Level 1 of the Lair of Beasts
 15874 | Lair:1   | Found a dark tunnel.
 15890 | Volcano  | Entered a volcano
 16190 | Volcano  | Engulfed by a cloud of flame

Illustrated notes

Levels and vault maps discovered:
D:1:      dpeg_arrival_rhombi, layout_rooms, serial_shops, shop_fountains,
          serial_bayou_pond_d
D:2:      layout_rooms, serial_shops, shop, serial_bayou, serial_bayou_pond_c,
          serial_bayou_pond_d, serial_bayou_shore_b, serial_bayou_crossing,
          basic_altar, minmay_fractal_squares_gapless_5, uniq_robin,
          uniq_crazy_yiuf_cottage
D:3:      layout_basic, uniq_natasha, uniq_jessica
D:4:      layout_rooms, minmay_checkerbox
D:5:      layout_rooms, minmay_temple_entry_glass, uniq_prince_ribbit1
D:6:      layout_basic, biasface_ghost_orc_armoury, eino_tiny_chamber,
          uniq_edmund, uniq_grinder, uniq_sigmund
D:7:      layout_rooms, overflow_temple_1_default, minivault_10,
          grunt_ministairs_13, kennysheep_generic_room_16, uniq_menkaure,
          uniq_duvessa
D:8:      layout_cave_pools, minmay_fractal_squares_5, uniq_psyche
D:9:      layout_stronghold, hiddenorc2_lemuel, serial_glass, glass_columns_b,
          glass_columns_a
D:10:     layout_roguey
D:11:     layout_long_grid, lair_entry_dummy, serial_shops,
          nicolae_shop_statue_plus, serial_ice, serial_ice_g, serial_ice_k,
          serial_ice_f, serial_ice_b, serial_ice_d, serial_ice_c, serial_ice_e,
          nicolae_ru_sacrificial_ziggurat, uniq_erolcha
Temple:   mainiacjoe_temple_starburst
Lair:1:   layout_long_grid, nicolae_volcano_entry_hallway, grunt_megastairs_1,
          serial_bayou_shore_b
Volcano:  volcano_lake [vl_original]

Skill      XL: |  1  2  3  4  5  6  7  8  9 10 11 |
---------------+----------------------------------+-----
Spellcasting   | 4 5 9 10 | 10.0
Conjurations   | 5 6 7 8 9 |  9.1
Translocations | 3 5 |  5.2
Hexes          | 5 10 12 | 12.7
Necromancy     | 3 8 |  8.0
Transmutations | 6 |  6.3
Short Blades   | 6 8 |  8.1
Fighting       | 2 |  2.3
Dodging        | |  2.4
Stealth        | |  2.4

Action                   |  1- 3 |  4- 6 |  7- 9 | 10-12 || total
-------------------------+-------+-------+-------+-------++-------
Melee: Pair of quick bla |       |       |       |    13 ||    13
 Cast: Magic Dart        |    77 |    78 |    88 |   237 ||   480
       Searing Ray       |     3 |    15 |    36 |    26 ||    80
       Iskenderun's Myst |       |       |    23 |    79 ||   102
       Yara's Violent Un |       |       |     2 |    24 ||    26
       Hailstorm         |       |       |       |    23 ||    23
       Anguish           |       |       |       |     3 ||     3
Evoke: Wand              |       |     1 |     1 |     3 ||     5
  Use: Scroll            |       |     5 |     8 |     3 ||    16
       Potion            |       |       |       |     3 ||     3
Armor: Robe              |       |     2 |       |       ||     2
       Animal skin       |       |     7 |    12 |     9 ||    28
Dodge: Dodged            |     5 |     5 |    23 |    49 ||    82

Table legend: (Time is in decaauts)
 A = Elapsed time spent in this place.
 B = Non-inter-level travel time spent in this place.
 C = Inter-level travel time spent in this place.
 D = Time resting spent in this place.
 E = Time spent auto-exploring this place.
 F = Levels seen in this place.
 G = Mean time per level.
                   A        B        C        D        E       F      G
               +--------+--------+--------+--------+--------+-----+--------+
         Total |  16213 |  15884 |    329 |   4135 |   9574 |  14 | 1158.1 |
       Dungeon |  15060 |  14836 |    224 |   4085 |   8642 |  11 | 1369.1 |
        Temple |    643 |    538 |    105 |      0 |    528 |   1 |  643.0 |
          Lair |    208 |    208 |      0 |     50 |    131 |   1 |  208.0 |
       Volcano |    299 |    299 |      0 |      0 |    273 |   1 |  299.0 |
               +--------+--------+--------+--------+--------+-----+--------+

Top non-repeatable levels by time:
     D:6: 2122 daAuts
    D:10: 2030 daAuts
     D:9: 1999 daAuts
     D:2: 1481 daAuts
     D:7: 1476 daAuts
     D:5: 1294 daAuts
     D:4: 1069 daAuts
     D:1: 997 daAuts
     D:8: 952 daAuts
     D:3: 942 daAuts
    D:11: 695 daAuts
  Temple: 643 daAuts
 Volcano: 299 daAuts
  Lair:1: 208 daAuts
